 Dungeon Crawl Stone Soup version 0.18-a0-1764-gf4ddf0b (webtiles) character file.

93 hyperosu the Poker (level 4, 0/33 HPs)
             Began as a Human Gladiator on Apr 14, 2016.
             Killed from afar by Natasha (8 damage)
             ... with a magic dart
             ... on level 1 of the Dungeon.
             The game lasted 00:04:13 (1413 turns).

hyperosu the Poker (Human Gladiator)                Turns: 1413, Time: 00:04:13

Health: 0/33       AC:  6    Str: 16    XL:     4   Next: 91%
Magic:  4/4        EV: 11    Int:  9    God:
Gold:   74         SH:  0    Dex: 13    Spells: 0 memorised, 3 levels left

rFire  . . .     SeeInvis .     a - +0 trident
rCold  . . .     Gourm    .     i - +0 ring mail
rNeg   . . .     Faith    .     (no shield)
rPois  .         Spirit   .     c - +0 helmet
rElec  .         Dismiss  .     (no cloak)
rCorr  .         Reflect  .     (no gloves)
SustAt .         Harm     .     (no boots)
MR     .....                    (no amulet)
Stlth  ++........               (no ring)
                                j - ring of stealth

@: not resistant to hostile enchantments, unstealthy
A: no striking features
a: no special abilities


You were on level 1 of the Dungeon.
You were not hungry.

You visited 1 branch of the dungeon, and saw 2 of its levels.

You collected 74 gold pieces.

Inventory:

Hand Weapons
 a - a +0 trident (weapon)
 b - a +0 hunting sling
Missiles
 d - 3 throwing nets (quivered)
 r - 45 stones
Armour
 c - a +0 helmet (worn)
 i - a +0 ring mail (worn)
Jewellery
 j - a ring of stealth (left hand)
 n - an uncursed ring of magical power {unknown}
Scrolls
 e - 3 scrolls of identify
 m - a scroll of teleportation {unknown}
 p - a scroll of enchant weapon {unknown}
Potions
 k - a potion of flight {unknown}
 l - a potion of invisibility {unknown}
 o - 2 potions of lignification
Comestibles
 f - 3 bread rations
 g - a chunk of flesh
 h - a meat ration
 q - a beef jerky


   Skills:
 - Level 2.0 Fighting
 + Level 5.2 Polearms
 - Level 2.0 Throwing
 - Level 3.0 Dodging


You had 3 spell levels left.
You didn't know any spells.

Dungeon Overview and Level Annotations

Branches:
Dungeon (2/15)

Altars:

Annotations:
D:1 Natasha


Message History

Natasha is lightly wounded.
Natasha claws you.
You closely miss Natasha.
Natasha is lightly wounded.
Natasha claws you! The crimson imp barely misses you.
Natasha extends her claws.
Natasha claws you but does no damage.
You puncture Natasha!
Natasha is severely wounded.
The crimson imp hits you. Natasha claws you!
* * * LOW HITPOINT WARNING * * *
Read which item? (? for menu, Esc to quit)
As you read the scroll labeled GUDORAHAOPH, it crumbles to dust.
It is a scroll of identify.
Identify which item? (\ to view known items) (? for menu, Esc to quit)
o - 2 potions of lignification The crimson imp blinks!
Natasha casts a spell at you. The magic dart hits you!
You die...

#........................
#.....#.....###########..
#.....#.....###########..
#########.....########...........
....[..................#.........
############.....####..#.#######.
...................).........)...
############.5.ยง...##..#.#.#.###.
#...h@..###.#.#.#...#. #.......#
#.#.#.....#.
#.......###.#.###.###.
#.........#...#...###.
#.......#.#...#.#.....
#########.#......[....
######.#..##.#.....
#......#...........
#......##..#.#.....


You could see Natasha and a crimson imp.

Vanquished Creatures
  Ijyb (D:2)
  Natasha (D:1)
  An ooze (D:2)
  A dart slug (D:1)
  3 giant geckos (D:1)
  3 bats
  10 goblins
  5 hobgoblins (D:1)
  3 kobolds (D:1)
  A giant newt (D:1)
  2 rats (D:1)
31 creatures vanquished.

Notes
Turn   | Place    | Note
--------------------------------------------------------------
     0 | D:1      | hyperosu the Human Gladiator began the quest for the Orb.
     0 | D:1      | Reached XP level 1. HP: 16/16 MP: 1/1
   235 | D:1      | Reached XP level 2. HP: 22/22 MP: 2/2
   481 | D:1      | Reached skill level 4 in Polearms
   481 | D:1      | Reached XP level 3. HP: 24/27 MP: 3/3
   916 | D:2      | Noticed Ijyb
  1054 | D:2      | Killed Ijyb
  1054 | D:2      | Reached XP level 4. HP: 32/33 MP: 4/4
  1154 | D:2      | Noticed Natasha
  1163 | D:1      | Killed Natasha
  1163 | D:1      | Reached skill level 5 in Polearms
  1397 | D:1      | Noticed Natasha
  1413 | D:1      | Killed from afar by Natasha

Vault maps used:
D:1:      saegor_arrival_simple_c, minmay_misc_feat_square
D:2:      kennysheep_the_goblin_king, lemuel_crystal_altar, lemuel_doored_altar,
          roderic_st_hans_cross, serial_bayou_pond_c, uniq_terence, uniq_natasha

Skill      XL: |  1  2  3  4 |
---------------+-------------+-----
Polearms       | 4 5 |  5.2
Fighting       | |  2.0
Throwing       | |  2.0
Dodging        | |  3.0

Action                   |  1- 3 |  4- 6 || total
-------------------------+-------+-------++-------
Melee: Trident           |    67 |    38 ||   105
 Fire: Hunting sling     |     6 |     3 ||     9
  Use: Scroll            |       |     1 ||     1
 Stab: Sleeping          |     1 |     1 ||     2
  Eat: Chunk             |       |     2 ||     2
Armor: Ring mail         |    12 |    19 ||    31
Dodge: Dodged            |    33 |    24 ||    57
